 Dungeon Crawl Stone Soup version 0.27-a0-1147-gb3d8e82157 (webtiles) character file.

Game seed: 14820172792330821793

308112 tilp the Warrior (level 19, -3/170 HPs)
             Began as a Demigod Ice Elementalist on May 11, 2021.
             Killed from afar by an ironbound frostheart (29 damage)
             ... with a frost
             ... on level 3 of the Vaults.
             The game lasted 02:46:55 (81602 turns).

tilp the Warrior (Demigod Ice Elementalist)        Turns: 81602, Time: 02:46:56

Health: -3/170     AC: 18    Str: 15    XL:     19   Next: 55%
Magic:  16/38      EV: 14    Int: 43    God:
Gold:   1949       SH: 17    Dex: 14    Spells: 3/38 levels left

rFire    + . .     SeeInvis .   a - staff of cold
rCold    + . .     Faith    .   w - +1 kite shield of Ipor {rPois rC- Str+6}
rNeg     . . .     Spirit   .   J - +2 ring mail {rF+}
rPois    +         Reflect  +   E - +2 helmet
rElec    .         Harm     .   R - +2 cloak {rCorr}
rCorr    +         Rampage  .   S - +0 pair of gloves
Will     ++...                  Q - +1 pair of boots {Fly}
Stlth    +++.......             h - amulet of reflection
HPRegen  0.38/turn              K - ring of ice
MPRegen  0.26/turn              n - ring of Jinuylokh {rF+ Will+ Int+2}

@: flying, very slightly contaminated, hasted, very quick
A: high mp 1, forlorn
}: 2/15 runes: barnacled, gossamer
a: no special abilities


You were on level 3 of the Vaults.
You visited 6 branches of the dungeon, and saw 34 of its levels.
You also visited: Ossuary and Volcano.

You collected 4010 gold pieces.
You spent 2061 gold pieces at shops.

Inventory:

Hand Weapons
 b - a +7 demon trident of electrocution
Missiles
 e - 12 curare-tipped darts {!f}
 k - 5 throwing nets {!f}
 D - 5 silver boomerangs
 I - 110 boomerangs
 X - 59 poisoned darts (quivered)
Armour
 w - the +1 kite shield of Ipor (worn) {rPois rC- Str+6}
   (You found it on level 14 of the Dungeon)

   It affects your strength (+6).
   It makes you vulnerable to cold.
   It protects you from poison.
 E - a +2 helmet (worn)
 J - a +2 ring mail of fire resistance (worn)
 Q - a +1 pair of boots of flying (worn)
 R - a +2 cloak of preservation (worn)
 S - a +0 pair of gloves (worn)
 Y - a +1 buckler of resistance
Magical Staves
 a - a staff of cold (weapon)
 s - a staff of conjuration
Jewellery
 h - an amulet of reflection (around neck)
 n - the ring of Jinuylokh (right hand) {rF+ Will+ Int+2}
   (You acquired it on level 1 of the Orcish Mines)

   [ring of protection from fire]

   It affects your intelligence (+2).
   It protects you from fire.
   It increases your willpower.
 y - a ring of see invisible
 z - the amulet of Vitality {Regen+ HP+15}
   (You found it on level 2 of the Vaults)

   [amulet of regeneration]

   It affects your health (+15).
   It increases your rate of health regeneration.
 K - a ring of ice (left hand)
Wands
 c - a wand of digging (6)
 f - a wand of iceblast (44)
 j - a wand of flame (101)
 u - a wand of paralysis (15)
 C - a wand of acid (6)
 O - a wand of mindburst (32)
 P - a wand of polymorph (25)
Scrolls
 d - 7 scrolls of amnesia
 x - 7 scrolls of teleportation
 A - 7 scrolls of fear
 G - 7 scrolls of fog
 L - 5 scrolls of magic mapping
 M - 5 scrolls of blinking
 T - 3 scrolls of holy word
 V - 7 scrolls of identify
 W - 3 scrolls of silence
Potions
 g - 11 potions of might
 l - 5 potions of invisibility
 m - 9 potions of haste
 o - 9 potions of attraction
 q - 2 potions of magic
 r - 4 potions of mutation
 t - 4 potions of heal wounds
 v - 5 potions of brilliance
 B - 3 potions of cancellation
 F - 18 potions of ambrosia
 H - 4 potions of berserk rage
 N - 12 potions of curing
 U - 3 potions of resistance
Miscellaneous
 Z - a box of beasts


   Skills:
 - Level 15.0 Fighting
 - Level 12.1(14.0) Polearms
 - Level 12.0(13.9) Staves
 - Level 6.0 Throwing
 - Level 6.0 Armour
 - Level 12.0 Dodging
 - Level 8.0 Stealth
 + Level 8.1 Shields
 - Level 10.0 Spellcasting
 - Level 6.0 Conjurations
 - Level 4.0 Hexes
 - Level 2.0 Summonings
 - Level 2.0 Translocations
 * Level 12.0 Ice Magic
 + Level 1.0 Air Magic
 - Level 10.0 Evocations


You had 3 spell levels left.
You knew the following spells:

 Your Spells              Type           Power      Damage    Failure   Level
a - Freeze                Ice            100%       1d11      1%          1
b - Frozen Ramparts       Ice            100%       1d12      1%          3
c - Ozocubu's Armour      Ice            100%       N/A       1%          3
d - Hailstorm             Conj/Ice       100%       3d20      1%          4
e - Summon Ice Beast      Ice/Summ       100%       N/A       3%          4
f - Metabolic Englaciati  Hex/Ice        58%        N/A       6%          5
g - Blink                 Tloc           N/A        N/A       4%          2
h - Freezing Cloud        Conj/Ice/Air   53%        6-21      56%         6
i - Ozocubu's Refrigerat  Ice            68%        4d18      36%         7

Your spell library contained the following spells:

 Spells                   Type           Power      Damage    Failure   Level
 Foxfire                  Conj/Fire      100%       2x1d9     1%          1
 Magic Dart               Conj           100%       1d8       1%          1
 Shock                    Conj/Air       100%       1d9       1%          1
 Slow                     Hex            54%        N/A       1%          2
 Summon Small Mammal      Summ           100%       N/A       2%          1
 Static Discharge         Conj/Air       51%        N/A       2%          2
 Call Imp                 Summ           38%        N/A       4%          2
 Conjure Flame            Conj/Fire      47%        6-21      5%          3
 Summon Guardian Golem    Hex/Summ       47%        N/A       5%          3
 Beastly Appendage        Tmut           42%        N/A       6%          1
 Mephitic Cloud           Conj/Pois/Air  41%        N/A       7%          3
 Call Canine Familiar     Summ           38%        N/A       9%          3
 Gell's Gravitas          Tloc           19%        N/A       9%          3
 Inner Flame              Hex/Fire       38%        N/A       9%          3
 Lesser Beckoning         Tloc           19%        N/A       9%          3
 Teleport Other           Tloc           38%        N/A       9%          3
 Wereblood                Tmut           21%        N/A       10%         2
 Swiftness                Air            30%        N/A       12%         3
 Ignite Poison            Fire/Tmut/Pois 21%        N/A       19%         3
 Spider Form              Tmut/Pois      10%        N/A       19%         3
 Ice Form                 Ice/Tmut       100%       N/A       5%          4
 Sticky Flame             Conj/Fire      47%        2d6       19%         4
 Leda's Liquefaction      Hex/Erth       19%        N/A       26%         4
 Summon Lightning Spire   Summ/Air       34%        N/A       32%         4
 Airstrike                Air            15%        N/A       38%         4
 Animate Armour           Summ/Erth      60%        N/A       38%         4
 Lightning Bolt           Conj/Air       25%        1d41      38%         5
 Fireball                 Conj/Fire      23%        3d11      45%         5
 Bolt of Magma            Conj/Fire/Erth 19%        4d10      58%         5
 Manifold Assault         Tloc           38%        N/A       58%         5
 Simulacrum               Ice/Necr       52%        N/A       63%         6
 Hydra Form               Tmut           10%        N/A       86%         5
 Iron Shot                Conj/Erth      23%        9d5       95%         6
 Starburst                Conj/Fire      23%        8x6d8     95%         6
 Statue Form              Tmut/Erth      14%        N/A       100%        6
 Ignition                 Fire           10%        3d5       100%        8
 Shatter                  Erth           10%        3d12*     100%        9
 Tornado                  Air            15%        N/A       100%        9


Dungeon Overview and Level Annotations

Branches:
Dungeon (15/15)            Temple (0/1) D:6            Lair (6/6) D:9
 Shoals (4/4) Lair:2       Spider (4/4) Lair:2        Slime (0/5) Lair:5
    Orc (2/2) D:11            Elf (0/3) Orc:2        Vaults (3/5) D:14
  Crypt (0/3) Vaults:2     Depths (0/5) D:15        Ossuary (visited)
Volcano (visited)

Shops:
D:2 (   D:9 *   D:10 (   Orc:1 ?   Orc:2 **![

Annotations:
D:11 2 transporters, Anon1729's ghost, journeyman DsBe
D:13 3 runed translucent doors, Saynekk's ghost, journeyman DEFE
Lair:5 exclusion: 2 oklob plants
Spider:2 1 runed translucent door, Veluuc's ghost, adept VSEn


Innate Abilities, Weirdness & Mutations

Your attributes grow dramatically as you level up.
You have an increased reservoir of magic. (+10% MP)
You shall have no god before yourself.


Message History

The dire elephant is moderately wounded.
The wall freezes the dire elephant!
The dire elephant tramples you!!
You hold your ground!
The dire elephant closely misses you.
The ironbound beastmaster goads on nearby beasts.
Unknown command.
You hit the dire elephant. You freeze the dire elephant!
The dire elephant is heavily wounded.
The wall freezes the dire elephant!
The dire elephant tramples you.
You hold your ground!
You block the dire elephant's attack.
The ironbound frostheart resists.
The wall freezes the ironbound frostheart.
The ironbound frostheart calls freezing cold from the walls.
The frost grips you!!! You partially resist.
* * * LOW HITPOINT WARNING * * *
You are encased in ice.
Unknown command.
Your icy armour and frozen ramparts will break if you move.
Continue?
Your icy armour cracks and falls away as you move.
The frozen ramparts melt away as you move.
The dire elephant tramples you!
* * * LOW HITPOINT WARNING * * *
You hold your ground!
You block the dire elephant's attack.
Casting: Frozen Ramparts (safe; 1% risk of failure)
Confirm with . or Enter, or press ? or * to list all spells.
You miscast Blink.
Nothing appears to happen.
You block the dire elephant's attack.
The dire elephant trunk-slaps you but does no damage.
The ironbound beastmaster goads on nearby beasts.
The dire elephant tramples you!!
* * * LOW HITPOINT WARNING * * *
You are shoved backwards!
Casting: Blink (safe; 4% risk of failure)
Confirm with . or Enter, or press ? or * to list all spells.
You blink.
The ice encasing you melts away.
You feel much better.
You feel yourself speed up.
The ironbound frostheart calls freezing cold from the walls.
The frost grips you!! You partially resist.
You die...

.........# #.....
.........# #.....
.........# #.....
........# #.....
......# #.....
###+### #.....
###Y.p..####.....
##..#####.p##..p..
#@#########p'.....
#...........'.....
#.#########.#.....
##..#####..##.....
###.....## #.....
######'#####
#..... #.......#
#..... #.......#
#..... #.......#


You could see a dire elephant and an ironbound frostheart.

Vanquished Creatures
  A kraken (Shoals:4)
  Polyphemus (Shoals:2)
  An orc warlord (Vaults:2)
  6 emperor scorpions
  8 vault wardens
  4 ghost moths
  A stone giant (Vaults:1)
  A very ugly thing (Vaults:1)
  9 ironbound preservers
  3 eidola (D:14)
  2 spark wasps
  3 dire elephants (Vaults:2)
  5 entropy weavers
  4 merfolk javelineers
  11 merfolk impalers
  4 yaktaur captains
  3 ironbound thunderhulks
  4 vault guards
  5 boulder beetles
  2 great orbs of eyes
  Erolcha (Orc:1)
  12 hydras
  3 centaur warriors
  4 alligator snapping turtles
  Erica (D:8)
  An ogre mage (Vaults:1)
  7 ironbound frosthearts
  5 merfolk aquamancers
  A catoblepas (Shoals:2)
  2 merfolk avatars
  11 two-headed ogres
  3 death yaks (Lair:6)
  2 satyrs
  7 orc high priests (Orc:2)
  3 vampire magi
  3 death knights
  2 tengu warriors
  6 ironbound beastmasters
  A deep elf knight (D:14)
  The ghost of senseless the Chopper, a novice GnCK of Xom (D:7)
  7 skeletal warriors
  12 sea snakes
  30 deep trolls
  9 lindwurms
  11 ironbound convokers
  4 phantasmal warriors
  3 wizards
  2 wolf spider zombies (D:14)
  18 harpies
  A deep elf pyromancer (D:14)
  A golden dragon skeleton (D:15)
  12 orc knights
  37 ugly things
  2 deep elf zephyrmancers (D:14)
  7 fauns
  3 orc sorcerers
  A necromancer (D:15)
  17 manticores
  25 orb spiders
  5 cyclopes
  7 vault sentinels
  8 elephants (Lair:4)
  28 wolf spiders
  A moth of wrath (D:7)
  12 water nymphs
  3 black mambas (Lair:4)
  2 merfolk sirens
  Joseph (D:9)
  2 gargoyles
  4 orange demons (D:13)
  A smoke demon (Volcano)
  20 cane toads
  3 torpor snails
  3 rime drakes
  7 komodo dragons
  13 yaktaurs
  A kobold demonologist (D:9)
  4 freezing wraiths
  2 red devils
  An efreet (D:14)
  12 demonic crawlers
  2 tengu conjurers
  33 jumping spiders
  A harpy zombie (D:14)
  5 polar bears
  3 trolls
  3 meliai (D:13)
  34 merfolk
  A queen bee (Lair:2)
  8 wind drakes
  16 hornets
  33 slime creatures
  An ettin zombie (D:15)
  21 blink frogs
  12 snapping turtles
  14 dream sheep
  4 flying skulls (D:14)
  2 shadows
  9 water elementals
  72 redbacks
  A vampire (D:11)
  18 yaks
  12 spriggans (Lair:6)
  A centaur simulacrum (D:14)
  35 tarantellas
  A wyvern (Lair:2)
  3 wraiths
  6 basilisks
  A fire bat (shapeshifter) (Vaults:2)
  3 fire bats (Lair:3)
  2 steam dragons
  2 vampire mosquitoes (D:13)
  2 wargs
  2 acid dragons
  A hell hound (Volcano)
  24 water moccasins
  An ice beast (D:7)
  35 orc warriors
  A sky beast (D:6)
  4 hornet zombies
  A necrophage (D:7)
  9 black bears
  4 boggarts (Lair:6)
  34 wolves
  13 centaurs
  12 ogres
  3 phantoms (D:5)
  A kobold brigand (D:7)
  17 bullfrogs
  7 scorpions
  29 killer bees
  A wight (Vaults:2)
  2 electric eels
  7 howler monkeys
  2 bullfrog zombies
  3 jellies
  9 centaur zombies
  A hound (D:7)
  A human zombie (Ossuary)
  35 orc priests
  4 centaur skeletons
  3 iguanas
  24 orc wizards
  4 scorpion zombies
  A killer bee zombie (D:8)
  A nameless horror (Spider:2)
  4 mummies
  2 howler monkey zombies
  4 adders
  9 gnolls
  13 white imps
  An ufetubus (D:6)
  An adder skeleton (D:5)
  2 worms
  3 dart slugs
  97 orcs
  5 ball pythons
  4 bats
  4 endoplasms
  2 giant cockroaches
  A gnoll zombie (Ossuary)
  11 goblins
  7 hobgoblins
  3 jackals (D:3)
  3 quokkas
  11 frilled lizards
  3 goblin zombies (Ossuary)
  9 kobolds
  2 kobold zombies (Ossuary)
  8 orc zombies (Ossuary)
  5 rats
1367 creatures vanquished.

Vanquished Creatures (collateral kills)
  Arachne (Spider:3)
  Jorgrun (Shoals:1)
  A merfolk javelineer (Shoals:4)
  A vault guard (Vaults:2)
  A merfolk avatar (Shoals:3)
  2 death yaks (Shoals:2)
  2 skeletal warriors
  A sea snake (Shoals:1)
  A phantasmal warrior (D:13)
  A wolf spider zombie (D:14)
  A wolf spider (Spider:2)
  An elephant (Lair:6)
  A fire giant zombie (D:15)
  An ugly thing (D:14)
  A centaur zombie (D:14)
  A water nymph (Shoals:1)
  A vault sentinel (Vaults:2)
  4 centaur skeletons (D:14)
  A demonic crawler (Spider:3)
  4 merfolk
  2 jumping spiders
  2 harpy skeletons (D:14)
  3 redbacks
  A centaur simulacrum (D:15)
  A tarantella (Spider:4)
  An ettin skeleton (D:15)
  A spriggan (Lair:6)
  A vampire mosquito (D:13)
40 creatures vanquished.

Vanquished Creatures (others)
  2 merfolk (Shoals:4)
  A scorpion (Ossuary)
  23 fungi
  141 plants
  6 tentacles (Shoals:4)
  11 withered plants (D:15)
184 creatures vanquished.

Grand Total: 1591 creatures vanquished

Notes
Turn   | Place    | Note
-------+----------+-------------------------------------------
     0 | D:1      | tilp the Demigod Ice Elementalist began the quest for the
                  | Orb.
     0 | D:1      | Reached XP level 1. HP: 14/14 MP: 5/5
   374 | D:1      | Reached XP level 2. HP: 17/20 MP: 4/7
  1129 | D:2      | Reached skill level 1 in Fighting
  1201 | D:2      | Reached XP level 3. HP: 26/28 MP: 2/8
  1205 | D:2      | Learned a level 3 spell: Ozocubu's Armour
  1616 | D:2      | Reached skill level 2 in Fighting
  1920 | D:2      | Found Nuceipn's Weapon Emporium.
  2303 | D:3      | Reached XP level 4. HP: 20/36 MP: 3/9
  2307 | D:3      | Learned a level 3 spell: Frozen Ramparts
  2875 | D:3      | Reached skill level 5 in Ice Magic
  2876 | D:3      | Reached XP level 5. HP: 40/41 MP: 2/10
  4297 | D:4      | Identified the +7 whip of the Screaming Ancients {vorpal,
                  | Int+2}
  4635 | D:4      | Noticed an ogre
  4641 | D:4      | Killed an ogre
  4642 | D:4      | Reached XP level 6. HP: 28/48 MP: 4/12
  5010 | D:5      | Entered Level 5 of the Dungeon
  5124 | D:5      | Found a sand-covered staircase.
  5130 | Ossuary  | Entered an ossuary
  5131 | Ossuary  | Upgraded the game from 0.27-a0-1144-g0b7d3b79db to
                  | 0.27-a0-1147-gb3d8e82157
  5545 | Ossuary  | Reached XP level 7. HP: 49/55 MP: 5/14
  6994 | D:5      | Reached skill level 1 in Shields
  7000 | D:5      | Reached XP level 8. HP: 43/61 MP: 10/17
  7933 | D:5      | Learned a level 4 spell: Hailstorm
  7936 | D:5      | Learned a level 2 spell: Blink
  8021 | D:5      | Reached skill level 3 in Fighting
  8365 | D:6      | Found a staircase to the Ecumenical Temple.
  9076 | D:6      | Reached skill level 4 in Fighting
  9371 | D:6      | Reached XP level 9. HP: 33/71 MP: 14/18
  9843 | D:7      | Reached skill level 1 in Conjurations
  9843 | D:7      | Reached skill level 1 in Translocations
  9843 | D:7      | Reached skill level 1 in Evocations
 10529 | D:7      | Found a transporter.
 10545 | D:7      | Noticed a moth of wrath
 10553 | D:7      | Found a transporter.
 10836 | D:7      | Noticed senseless's ghost (novice GnCK)
 11823 | D:8      | Noticed a two-headed ogre
 11831 | D:8      | Killed a two-headed ogre
 12425 | D:8      | Noticed Erica
 12436 | D:8      | Killed Erica
 12437 | D:8      | Reached XP level 10. HP: 30/78 MP: 2/19
 13394 | D:9      | Noticed a two-headed ogre
 13402 | D:9      | Killed a two-headed ogre
 13403 | D:9      | Reached skill level 10 in Ice Magic
 13947 | D:9      | Noticed Joseph
 13960 | D:9      | Killed Joseph
 13961 | D:9      | Reached skill level 5 in Fighting
 13961 | D:9      | Reached skill level 5 in Dodging
 14179 | D:9      | Found a staircase to the Lair.
 14372 | D:9      | Found Ranax's General Store.
 14575 | D:9      | Bought a scroll of blinking for 105 gold pieces
 14575 | D:9      | Bought a scroll of teleportation for 42 gold pieces
 14766 | D:10     | Entered Level 10 of the Dungeon
 14837 | D:10     | Found Woulaci's Antique Weapon Shoppe.
 15163 | D:10     | Reached skill level 6 in Fighting
 15921 | D:10     | Identified a scroll of acquirement
 15921 | D:10     | Acquired 861 gold pieces
 15937 | D:11     | Found a staircase to the Orcish Mines.
 15951 | D:11     | Noticed a two-headed ogre
 15958 | D:11     | Killed a two-headed ogre
 16129 | D:11     | Noticed a death knight
 16129 | D:11     | Noticed a phantasmal warrior
 16490 | D:11     | Noticed Anon1729's ghost (journeyman DsBe)
 16491 | D:11     | Found a transporter.
 16492 | D:11     | Identified the +10 great mace "Zulifem" {vorpal, rPois rN+
                  | Dex-5}
 16492 | D:11     | Noticed a two-headed ogre
 16554 | D:11     | Noticed a two-headed ogre
 16559 | D:11     | Killed a two-headed ogre
 16560 | D:11     | Reached XP level 11. HP: 86/91 MP: 7/20
 16654 | D:11     | Reached skill level 7 in Fighting
 17349 | D:7      | Killed senseless's ghost
 17704 | Lair:1   | Entered Level 1 of the Lair of Beasts
 17713 | Lair:1   | Reached skill level 8 in Fighting
 17917 | Lair:1   | Reached skill level 9 in Fighting
 17917 | Lair:1   | Reached XP level 12. HP: 105/105 MP: 10/21
 18707 | Lair:1   | Noticed a five-headed hydra
 18720 | Lair:1   | Killed a five-headed hydra
 18721 | Lair:1   | Reached skill level 10 in Fighting
 18896 | Lair:1   | Reached skill level 5 in Spellcasting
 19627 | Lair:2   | Found a hole to the Spider Nest.
 19788 | Lair:2   | Reached skill level 1 in Armour
 20217 | Lair:2   | Found a staircase to the Shoals.
 21064 | Lair:2   | Reached XP level 13. HP: 107/113 MP: 11/26
 23838 | Lair:4   | Identified the +0 hat of Ornamental Curiosity {Harm SInv}
 25117 | Lair:4   | Reached skill level 11 in Fighting
 25619 | Lair:4   | Learned a level 5 spell: Metabolic Englaciation
 25880 | Lair:5   | Found a staircase to the Slime Pits.
 27169 | Lair:6   | Entered Level 6 of the Lair of Beasts
 27178 | Lair:6   | Reached skill level 10 in Dodging
 27218 | Lair:6   | Found a dark tunnel.
 27608 | Volcano  | Entered a volcano
 27907 | Lair:6   | Reached skill level 12 in Fighting
 27907 | Lair:6   | Reached skill level 1 in Hexes
 27907 | Lair:6   | Reached XP level 14. HP: 126/126 MP: 24/30
 28163 | Lair:6   | Reached skill level 1 in Staves
 29252 | Lair:6   | Reached skill level 5 in Evocations
 30022 | Lair:6   | Identified the +2 morningstar "Woenuadd" {vorpal, rElec}
 30041 | Lair:6   | Reached skill level 5 in Staves
 31876 | D:11     | Found a transporter.
 33276 | D:11     | Learned a level 4 spell: Summon Ice Beast
 33290 | Orc:1    | Entered Level 1 of the Orcish Mines
 33290 | Orc:1    | Found Rabuci Hiash's Magic Scroll Shop.
 33290 | Orc:1    | Noticed Erolcha
 33297 | Orc:1    | Killed Erolcha
 34233 | Orc:1    | Bought a scroll of teleportation for 45 gold pieces
 34233 | Orc:1    | Bought a scroll of magic mapping for 52 gold pieces
 34233 | Orc:1    | Bought a scroll of magic mapping for 52 gold pieces
 34233 | Orc:1    | Bought a scroll of fear for 52 gold pieces
 34233 | Orc:1    | Bought a scroll of teleportation for 45 gold pieces
 34233 | Orc:1    | Bought a scroll of teleportation for 45 gold pieces
 34233 | Orc:1    | Bought a scroll of acquirement for 780 gold pieces
 34233 | Orc:1    | Acquired the ring of Jinuylokh {rF+ Will+ Int+2}
 34743 | Orc:2    | Entered Level 2 of the Orcish Mines
 35011 | Orc:2    | Found a staircase to the Elven Halls.
 36893 | Orc:2    | Reached XP level 15. HP: 124/132 MP: 6/31
 38298 | Orc:2    | Found Seot's General Store.
 38301 | Orc:2    | Found Ceih's General Store.
 38304 | Orc:2    | Found Ruinitt Noar's Distillery.
 38305 | Orc:2    | Found Jugeolum's Armour Shop.
 38308 | Orc:2    | Bought a +0 helmet for 49 gold pieces
 38312 | Orc:2    | Bought a ring of see invisible for 225 gold pieces
 38312 | Orc:2    | Bought 2 potions of magic for 240 gold pieces
 39237 | D:13     | Reached skill level 10 in Staves
 40045 | D:13     | Found a runed translucent gate.
 40045 | D:13     | Found a runed translucent gate.
 40045 | D:13     | Found a runed translucent gate.
 40153 | D:13     | Noticed Saynekk's ghost (journeyman DEFE)
 41569 | D:14     | Identified the +1 kite shield of Ipor {rPois rC- Str+6}
 42439 | D:14     | Reached skill level 1 in Summonings
 43754 | D:14     | Reached skill level 5 in Conjurations
 45593 | D:14     | Reached skill level 5 in Stealth
 46172 | D:14     | Found a gate to the Vaults.
 46722 | D:15     | Entered Level 15 of the Dungeon
 47447 | D:15     | Found a staircase to the Depths.
 47624 | D:15     | Reached XP level 16. HP: 134/138 MP: 22/32
 48237 | D:15     | Reached skill level 5 in Armour
 50690 | Shoals:1 | Entered Level 1 of the Shoals
 50795 | Spider:1 | Entered Level 1 of the Spider Nest
 52377 | Spider:1 | Reached skill level 5 in Shields
 53925 | Spider:1 | Reached skill level 13 in Fighting
 54780 | Spider:2 | Found a runed translucent door.
 54780 | Spider:2 | Noticed Veluuc's ghost (adept VSEn)
 58615 | Spider:3 | Reached XP level 17. HP: 150/150 MP: 21/33
 58927 | Spider:3 | Noticed Arachne
 58944 | Spider:3 | Killed Arachne
 59228 | Spider:4 | Entered Level 4 of the Spider Nest
 60441 | Spider:4 | Reached skill level 14 in Fighting
 63947 | Spider:4 | Reached skill level 15 in Fighting
 64264 | Spider:4 | Got a gossamer rune of Zot
 64269 | Spider:4 | Identified the +8 falchion "Arcanum" {freeze, Str+5 Int+4}
 65301 | Shoals:1 | Noticed Jorgrun
 65326 | Shoals:1 | Killed Jorgrun
 68601 | Shoals:2 | Noticed Polyphemus
 68615 | Shoals:2 | Killed Polyphemus
 68616 | Shoals:2 | Reached skill level 10 in Spellcasting
 68622 | Shoals:2 | Reached skill level 1 in Throwing
 70662 | Shoals:3 | Reached XP level 18. HP: 132/163 MP: 18/37
 70875 | Shoals:4 | Entered Level 4 of the Shoals
 70878 | Shoals:4 | Reached skill level 5 in Throwing
 72529 | Shoals:4 | Got a barnacled rune of Zot
 74736 | Orc:2    | Bought a scroll of enchant weapon for 105 gold pieces
 74810 | Orc:1    | Bought a scroll of enchant weapon for 112 gold pieces
 74810 | Orc:1    | Bought a scroll of enchant weapon for 112 gold pieces
 74896 | Vaults:1 | Entered Level 1 of the Vaults
 74949 | Vaults:1 | Reached skill level 10 in Evocations
 74950 | Vaults:1 | Reached skill level 1 in Polearms
 75499 | Vaults:1 | Reached skill level 5 in Polearms
 77170 | Vaults:1 | Reached XP level 19. HP: 170/170 MP: 5/38
 77612 | Vaults:1 | Identified the +1 dagger "Punan" {elec, +Blink Str+2}
 77667 | Vaults:2 | Found the amulet of Vitality {Regen+ HP+15}
 77815 | Vaults:1 | Reached skill level 10 in Polearms
 79338 | Vaults:2 | Found a staircase to the Crypt.
 80771 | Vaults:2 | Learned a level 6 spell: Freezing Cloud
 80779 | Vaults:2 | Learned a level 7 spell: Ozocubu's Refrigeration
 81568 | Vaults:3 | Reached skill level 1 in Air Magic
 81597 | Vaults:3 | HP: 3/170 [dire elephant[an ironbound beastmaster] (21)]
 81602 | Vaults:3 | Killed from afar by an ironbound frostheart

Illustrated notes

Levels and vault maps discovered:
D:1:      denvon_arrival_planthouse, layout_loops_ring,
          shapermc_ecumenical_altar_flowoftime
D:2:      layout_loops_ring, serial_shops, nicolae_shop_statue_plus,
          grunt_ministairs_4, ebering_dispersal_statue_hall,
          minmay_tree_intersection, kennysheep_generic_room_5
D:3:      layout_loops_ring, overflow_temple_1_default, minmay_misc_feat_chi,
          minmay_misc_feat_more_columns
D:4:      layout_basic, lemuel_doored_altar, marbit_many_paths, zin_academy
D:5:      layout_basic, nicolae_overflow_crystal_walls,
          nicolae_ossuary_entry_plus, minmay_lizard_king
D:6:      layout_loops_cross, minmay_temple_entry_butterflies,
          kennysheep_generic_room_15
D:7:      kennysheep_six_static_rooms, layout_cave_pods,
          okawaru_altar_gauntlet_db, grunt_temple_overflow_open,
          gammafunk_ghost_berserking_beasts, kennysheep_diamond
D:8:      layout_layer_cave, amcnicky_altar_gilded, uniq_erica
D:9:      layout_roguey, slow_altar_1, cheibrodos_ashenzari_chains,
          david_lair_shrubbed, serial_shops,
          nicolae_shop_competitors_out_of_business, uniq_joseph
D:10:     layout_irregular_city, nicolae_dithmenos_through_a_glass_darkly,
          serial_shops, nicolae_shop_stone
D:11:     layout_irregular_city, orc_0_dummy, gammafunk_ghost_smash
D:12:     layout_cave_pools
D:13:     layout_basic, gammafunk_ghost_icy, st_stairs_12,
          minmay_beelzebubs_servants
D:14:     hangedman_screamer, layout_rooms,
          hangedman_vaults_entry_quadrant_bands, minmay_misc_feat_cross,
          portal_ice_cave_entry_imps, minmay_misc_feat_five
D:15:     gammafunk_depths_entry_grave, layout_stronghold
Lair:1:   layout_gridlike, serial_bayou_shore_b, uniq_nergalle
Lair:2:   nzn_winding_woodlands_medium [nzn_winding_woodlands_5x5_open_star,
          nzn_winding_woodlands_5x15_pool,
          nzn_winding_woodlands_5x5_checkerboard,
          nzn_winding_woodlands_5x5_closed_star,
          nzn_winding_woodlands_center_lodge, nzn_winding_woodlands_hourglass,
          nzn_winding_woodlands_5x5_perimeter,
          nzn_winding_woodlands_5x15_jagged, nzn_winding_woodlands_5x5_three],
          layout_layer_cave, minmay_shoals_entry_lonely_mermaid,
          spider_nest_entry_web_field, special_room [special_room_bee],
          beast_lair_carwin_5
Lair:3:   layout_gridlike
Lair:4:   layout_hall_layers, basic_altar
Lair:5:   cheibrodos_lair_overgrown_chateau, layout_misc_corridors,
          slime_altar_1, minmay_lair_oklob_chamber, lemuel_fruit_tree,
          infiniplex_staircase_pool_2, serial_bayou_shore_b
Lair:6:   minmay_lair_end_enchanted_forest, layout_regular_city,
          nicolae_volcano_entry_two_sided, st_stairs_11,
          nicolae_quartered_pool_medium
Shoals:1: cheibrodos_shoals_oceanic_diplomacy, layout_shoals, uniq_jorgrun
Shoals:2: layout_shoals, uniq_polyphemus
Shoals:3: layout_shoals, nicolae_shoals_cliffside_cave
Shoals:4: shoals_end_hangedman, layout_shoals, ldierk_geyser
Spider:1: nicolae_spider_hilbert_zone_2 [nicolae_spider_hilbert_4_sides_1_open,
          nicolae_spider_hilbert_4_sides_1_open,
          nicolae_spider_hilbert_4_sides_1_open,
          nicolae_spider_hilbert_4_sides_1_open,
          nicolae_spider_hilbert_6_sides_1_open,
          nicolae_spider_hilbert_6_sides_1_open,
          nicolae_spider_hilbert_3_sides_1_open,
          nicolae_spider_hilbert_3_sides_1_open,
          nicolae_spider_hilbert_3_sides_1_open,
          nicolae_spider_hilbert_3_sides_1_open,
          nicolae_spider_hilbert_6_sides_1_open,
          nicolae_spider_hilbert_6_sides_1_open,
          nicolae_spider_hilbert_6_sides_1_open,
          nicolae_spider_hilbert_6_sides_1_open], nicolae_spider_orb_run
Spider:2: layout_spider_delve, gammafunk_ghost_grave
Spider:3: layout_spider_delve, guppyfry_spider_mini_1, uniq_arachne
Spider:4: grunt_spider_rune_parallel
Orc:1:    layout_diamond_mine, basic_altar, serial_shops,
          nicolae_shop_waterfront, guppyfry_library_mini, uniq_erolcha
Orc:2:    st_orc_pillars, layout_caves, special_room, david_defended_altar_orc
Vaults:1: nicolae_vaults_border_crossing, v_rooms_4,
          vaults_room_grunt_arrival_ludios, hangedman_vaults_snaps,
          nicolae_vaults_fighting_squares, dpeg_vaults_monster_row,
          nicolae_vaults_triangles, nicolae_vaults_ring_of_whatevers,
          grunt_vaults_diagonal, v_misc_13, layout_vaults_maze_bifur
Vaults:2: nicolae_vaults_network_quincunx
          [nicolae_vaults_network_quincunx_subvault,
          nicolae_vaults_network_quincunx_subvault,
          nicolae_vaults_network_quincunx_subvault,
          nicolae_vaults_network_quincunx_subvault,
          nicolae_vaults_network_quincunx_subvault], nicolae_vaults_alarming,
          hangedman_vaults_hat, vaults_standard_mumra_lines,
          nicolae_vaults_little_squares_1, v_alt_pattern_2,
          blue_anna_dwarven_crypt, vaults_room_pools, layout_vaults_big_room
Vaults:3: nicolae_vaults_theta, vaults_mumra_chevron_long,
          nicolae_vaults_puzzle_piece, vaults_room_stairs_pillars,
          v_alt_pattern_5, vaults_room_fours, v_rooms_3, v_alt_pattern_2,
          hangedman_vaults_impose, vaults_room_ringed_pool,
          layout_vaults_omnibox

Skill      XL: |  1  2  3  4  5  6  7  8  9 10 11 12 13 14 15 16 17 18 19 |
---------------+----------------------------------------------------------+-----
Spellcasting   | 2 3 4 6 8 10 | 10.0
Ice Magic      | 4 5 6 7 8 9 10 11 12 | 12.0
Stealth        | 2 4 6 8 |  8.0
Dodging        | 2 4 6 8 10 12 | 12.0
Fighting       | 1 2 4 6 9 10 12 13 15 | 15.0
Shields        | 2 4 7 8 |  8.1
Conjurations   | 4 6 |  6.0
Translocations | 2 |  2.0
Evocations     | 4 7 8 10 | 10.0
Armour         | 4 6 |  6.0
Hexes          | 1 2 4 |  4.0
Staves         | 9 12 | 12.0
Summonings     | 2 |  2.0
Throwing       | 4 6 |  6.0
Polearms       | 8 12 | 12.1
Air Magic      | 1 |  1.0

Action                   |  1- 3 |  4- 6 |  7- 9 | 10-12 | 13-15 | 16-18 | 19-21 || total
-------------------------+-------+-------+-------+-------+-------+-------+-------++-------
Melee: Dagger            |    42 |    66 |       |       |       |       |       ||   108
       Whip              |     3 |    43 |   210 |   164 |   365 |       |       ||   785
       Scimitar          |       |       |       |       |    34 |    23 |       ||    57
       Staff             |       |       |       |       |   637 |   685 |   250 ||  1572
       Demon trident     |       |       |       |       |       |     7 |       ||     7
Throw: Stone             |     7 |     1 |       |       |       |       |       ||     8
       Javelin           |       |     4 |    18 |     3 |       |       |       ||    25
       Dart              |       |       |     9 |    26 |    52 |    68 |    14 ||   169
       Boomerang         |       |       |       |     2 |    20 |     1 |       ||    23
 Cast: Freeze            |    43 |    18 |    39 |    88 |    58 |    79 |     1 ||   326
       Ozocubu's Armour  |       |     9 |    38 |    41 |   161 |   187 |    24 ||   460
       Frozen Ramparts   |       |     7 |    25 |    29 |   100 |   125 |    18 ||   304
       Hailstorm         |       |       |    20 |    68 |   357 |   563 |    86 ||  1094
       Summon Ice Beast  |       |       |       |       |    39 |    48 |     2 ||    89
       Metabolic Englaci |       |       |       |       |     3 |     6 |       ||     9
       Blink             |       |       |       |       |     2 |       |     1 ||     3
       Ozocubu's Refrige |       |       |       |       |       |       |     3 ||     3
Evoke: Wand              |       |       |     3 |     1 |    40 |     8 |     1 ||    53
       Box of beasts     |       |       |       |       |     2 |     3 |     1 ||     6
  Use: Scroll            |     2 |     7 |     7 |     8 |    10 |     9 |     2 ||    45
       Potion            |       |       |     4 |     2 |     2 |     5 |     3 ||    16
 Stab: Sleeping          |     5 |     3 |     1 |       |       |       |       ||     9
       Invisible         |       |       |       |     4 |       |       |       ||     4
       Distracted        |       |       |       |       |     1 |     4 |       ||     5
Armor: Robe              |     8 |    40 |    76 |    72 |       |       |       ||   196
       Ring mail         |       |       |       |    63 |   625 |   541 |    90 ||  1319
Dodge: Dodged            |    48 |    87 |   137 |   211 |   712 |   535 |   122 ||  1852
Block: Buckler           |       |       |    36 |    71 |   301 |    22 |       ||   430
       Kite shield       |       |       |       |       |       |   725 |   152 ||   877
       Reflection        |       |       |       |       |       |    27 |     3 ||    30
       Rpst.: Scimitar   |       |       |       |       |     5 |     2 |       ||     7

Table legend: (Time is in decaauts)
 A = Elapsed time spent in this place.
 B = Non-inter-level travel time spent in this place.
 C = Inter-level travel time spent in this place.
 D = Time resting spent in this place.
 E = Time spent auto-exploring this place.
 F = Levels seen in this place.
 G = Mean time per level.
                   A        B        C        D        E       F      G
               +--------+--------+--------+--------+--------+-----+--------+
         Total |  81645 |  77505 |   4140 |  33566 |  33401 |  36 | 2267.9 |
       Dungeon |  31761 |  30052 |   1709 |  12525 |  13496 |  15 | 2117.4 |
          Lair |  14320 |  13792 |    528 |   5145 |   6877 |   6 | 2386.7 |
        Shoals |   9006 |   8617 |    389 |   3403 |   4127 |   4 | 2251.5 |
   Spider Nest |  13695 |  12771 |    924 |   6689 |   4518 |   4 | 3423.8 |
  Orcish Mines |   4461 |   4122 |    339 |   2044 |   1319 |   2 | 2230.5 |
        Vaults |   6616 |   6368 |    248 |   2718 |   2780 |   3 | 2205.3 |
       Ossuary |   1644 |   1644 |      0 |   1040 |    282 |   1 | 1644.0 |
       Volcano |    137 |    137 |      0 |      0 |      0 |   1 |  137.0 |
               +--------+--------+--------+--------+--------+-----+--------+

Top non-repeatable levels by time:
Spider:4: 5229 daAuts
    D:13: 4165 daAuts
  Lair:2: 4015 daAuts
    D:15: 3820 daAuts
Spider:1: 3716 daAuts
Vaults:1: 3448 daAuts
   Orc:2: 3432 daAuts
  Lair:6: 3374 daAuts
    D:11: 3341 daAuts
    D:14: 3196 daAuts
Shoals:4: 3129 daAuts
Vaults:2: 2798 daAuts
Spider:2: 2537 daAuts
     D:7: 2508 daAuts
Shoals:1: 2298 daAuts
